 Dungeon Crawl Stone Soup version 0.19.0-2-gae57169 (webtiles) character file.

14 thirtiethelement the Magician (level 2, -1/17 HPs)
             Began as an Octopode Wanderer on Nov 6, 2016.
             Slain by a goblin
             ... wielding a +0 dagger
              (4 damage)
             ... on level 1 of the Dungeon.
             The game lasted 00:03:02 (343 turns).

thirtiethelement the Magician (Octopode Wanderer)    Turns: 343, Time: 00:03:03

Health: -1/17      AC:  1    Str: 10    XL:     2   Next: 41%
Magic:  2/7        EV: 12    Int: 11    God:
Gold:   0          SH:  0    Dex: 15    Spells: 2 memorised, 7 levels left

rFire  . . .     SeeInvis .     d - +0 blowgun
rCold  . . .     Gourm    .     (no shield)
rNeg   . . .     Faith    .     (helmet restricted)
rPois  .         Spirit   .     (no amulet)
rElec  .         Reflect  .     h - ring of protection from magic
rCorr  .         Harm     .     (no ring)
MR     +....                    (no ring)
Stlth  ++........               (no ring)
                                (no ring)
                                (no ring)
                                (no ring)
                                (no ring)

@: appendage, very slightly contaminated
A: almost no armour, stealthy swim, amphibious, 8 rings, constrict 8, tentacle
spike 3, camouflage 1, gelatinous body 1
a: End Transformation


You were on level 1 of the Dungeon.
You were not hungry.
One of your tentacles had a temporary spike.
You visited 1 branch of the dungeon, and saw 1 of its levels.

Inventory:

Hand Weapons
 d - a +0 blowgun (weapon)
Missiles
 c - 7 poisoned needles (quivered)
Jewellery
 h - a ring of protection from magic (left tentacle)
Potions
 e - a potion of degeneration {unknown}
 g - a potion of flight {unknown}
Books
 a - a book of Minor Magic

   Spells                             Type                      Level
   a - Magic Dart                     Conjuration                  1
   b - Blink                          Translocation                2
   c - Call Imp                       Summoning                    2
   d - Repel Missiles                 Charms/Air                   2
   e - Slow                           Hexes                        2
   f - Conjure Flame                  Conjuration/Fire             3
   g - Mephitic Cloud                 Conjuration/Poison/Air       3
 b - the Almanac of Transmutation

   Spells                             Type                      Level
   a - Beastly Appendage              Transmutation                1
   b - Ignite Poison                  Fire/Transmutation/Poison    3
Comestibles
 f - a bread ration


   Skills:
 + Level 1.0 Throwing
 * Level 4.4 Spellcasting
 * Level 2.0 Conjurations
 + Level 2.0 Transmutations
   Level 1.1 Evocations


You had 7 spell levels left.
You knew the following spells:

 Your Spells              Type           Power        Failure   Level  Hunger
a - Magic Dart            Conj           #...         12%         1    #......
b - Beastly Appendage     Tmut           #.....       12%         1    #......


Dungeon Overview and Level Annotations

Branches:
Dungeon (1/15)

Altars:


Innate Abilities, Weirdness & Mutations

You cannot wear most types of armour.
You are very stealthy in the water. (Stealth+)
You are amphibious.
You can wear up to eight rings at the same time.
You can use your tentacles to constrict eight enemies at once.
Your skin changes colour to match your surroundings (Stealth+).
Your rubbery body absorbs attacks. (AC +1, EV +1)
One of your tentacles bears a large vicious spike.


Message History

You are very lightly contaminated with residual magic.
Nothing appears to happen.
The adder bites you. The goblin hits you but does no damage.
Casting: Beastly Appendage
Confirm with . or Enter, or press ? or * to list all spells.
One of your tentacles grows a vicious spike.
The adder bites you.
* * * LOW HITPOINT WARNING * * *
The adder closely misses you.
You clumsily bash the adder but do no damage.
Your grab misses the adder.
You pierce the adder, but do no damage.
The adder is lightly wounded.
The adder barely misses you. The adder bites you.
* * * LOW HITPOINT WARNING * * *
You closely miss the adder. Your grab misses the adder.
You pierce the adder, but do no damage.
You squeeze the adder!
You kill the adder!
You have reached level 2!
The goblin hits you with a dagger.
You die...

##### #.#.#
#######.#.####
#............#
#@#####.#.##.#
############g#.....#.#*,*
#......).....#.#####.#*,*
###.#######..#.......#*,*
#.# #...#..#########*,*
#.# #.#.#..#,,,,,,,**,* *
#.# #.#.#..#,*****,**+**
* #.#
#.#.#..#,*****,,,,,****
#.#
#.#.#..#,#,,,,,,,,,+,,,


You could see a goblin.

Vanquished Creatures
  An adder (D:1)
  A bat (D:1)
  A giant cockroach (D:1)
  A goblin (D:1)
  A kobold (D:1)
5 creatures vanquished.

Notes
Turn   | Place    | Note
-------+----------+-------------------------------------------
     0 | D:1      | thirtiethelement the Octopode Wanderer began the quest for the Orb.
     0 | D:1      | thirtiethelement set off with: a book of Minor Magic, the Almanac of Transmutation, 8 poisoned needles, a +0 blowgun, a bread ration
     0 | D:1      | Reached XP level 1. HP: 11/11 MP: 5/5
    15 | D:1      | Learned a level 1 spell: Magic Dart
    17 | D:1      | Learned a level 1 spell: Beastly Appendage
   343 | D:1      | Reached XP level 2. HP: 3/17 MP: 2/7
   343 | D:1      | Slain by a goblin

Action                   || total
-------------------------++-------
Melee: Blowgun           ||     5
       Kick              ||     2
       Constrict         ||     1
       Tentacles         ||     1
 Fire: Blowgun           ||     2
 Cast: Magic Dart        ||    11
       Beastly Appendage ||     2
  Use: Scroll            ||     3
Armor: Skin              ||     1
Dodge: Dodged            ||    10
